PIO (24 & UNDER)
COLORADO COMMANDERS @ JASPER COUGARS
04/23/2024
 
TOP OF THE 1ST
Colorado Commanders batting - Pitching for Jasper Cougars : RHP Ernesto Mendoza
Pitching: RHP Ernesto Mendoza
Batting: RHB Roberto Zamora 0-0: Called Strike
0-1: Foul Ball, location: 2F
0-2: Ball
1-2: Foul Ball, location: 2F
1-2: Strikes out swinging
Batting: RHB Arnold Harmon 0-0: Ball
1-0: Swinging Strike
1-1: Fly out, F8 (Flyball, 8RM)
Batting: RHB John Riley 0-0: Ball
1-0: Called Strike
1-1: Foul Ball, location: 2F
1-2: Ground out 5-3 (Groundball, 5)
Top of the 1st over - 0 run(s), 0 hit(s), 0 error(s), 0 left on base; Colorado 0 - Jasper 0
BOTTOM OF THE 1ST
Jasper Cougars batting - Pitching for Colorado Commanders : RHP Tony Henderson
Pitching: RHP Tony Henderson
Batting: RHB Manuel Pérez 0-0: Ball
1-0: Reached on error, E5 (Groundball, 5S)
Batting: LHB Pepe Vázquez 0-0: Called Strike
0-1: Ball
1-1: Fly out, F6 (Popup, 56)
Batting: SHB Ron Edwards 0-0: Ball
1-0: Ball
2-0: Ball
3-0: Called Strike
3-1: Foul Ball, location: 2F
3-2: Strikes out swinging
Manuel Pérez steals 2nd base
Batter strikes out.
Batting: RHB Dan Hooper 0-0: Ball
1-0: Called Strike
1-1: Foul Ball, location: 2F
1-2: Foul Ball, location: 2F
1-2: Ball
2-2: Fly out, F9 (Flyball, 9S)
Bottom of the 1st over - 0 run(s), 0 hit(s), 1 error(s), 1 left on base; Colorado 0 - Jasper 0
TOP OF THE 2ND
Colorado Commanders batting - Pitching for Jasper Cougars : RHP Ernesto Mendoza
Batting: LHB Gary Kern 0-0: SINGLE (Line Drive, 9LS)
Batting: LHB John Nicholson 0-0: Called Strike
0-1: Ball
1-1: Fielders Choice at 2nd, 4-6 (Groundball, 4)
Batting: RHB Xavier De La Cruz 0-0: Ball
1-0: Fly out, F4 (Popup, 4M)
Batting: SHB Ángel Díaz 0-0: Ball
John Nicholson is caught stealing 2nd base
Top of the 2nd over - 0 run(s), 1 hit(s), 0 error(s), 0 left on base; Colorado 0 - Jasper 0
BOTTOM OF THE 2ND
Jasper Cougars batting - Pitching for Colorado Commanders : RHP Tony Henderson
Batting: RHB Fernando Gálvez 0-0: Ball
1-0: Swinging Strike
1-1: Ball
2-1: Ball
3-1: Called Strike
3-2: Base on Balls
Batting: SHB Martín Cruz 0-0: Called Strike
0-1: Ball
1-1: Ball
2-1: SINGLE (Groundball, 3D)
Fernando Gálvez to second
Runner from 2nd tries for 3rd, SAFE, no throw or cutoff
Batting: LHB Ron Johnston 0-0: Called Strike
0-1: Ball
1-1: SINGLE (Groundball, 6MD) (infield hit)
Fernando Gálvez scores
Martín Cruz to second
Batting: RHB José Ortega 0-0: Ball
1-0: Foul Ball, location: 2F
1-1: Grounds into double play, 6-4-3 (Groundball, 6)
Martín Cruz to third
Batting: RHB Joe Baker 0-0: Ball
1-0: Foul Ball, location: 2F
1-1: Called Strike
1-2: Strikes out swinging
Bottom of the 2nd over - 1 run(s), 2 hit(s), 0 error(s), 1 left on base; Colorado 0 - Jasper 1
TOP OF THE 3RD
Colorado Commanders batting - Pitching for Jasper Cougars : RHP Ernesto Mendoza
Batting: SHB Ángel Díaz 0-0: Called Strike
0-1: Swinging Strike
0-2: Foul Ball, location: 2F
0-2: Strikes out looking
Batting: RHB Emiel van Rhee 0-0: SINGLE (Line Drive, 56D)
Batting: RHB Richard Pendergast 0-0: Foul Ball, location: 2F
0-1: Ball
1-1: Called Strike
1-2: Ball
2-2: Strikes out swinging
Batting: RHB Roberto Zamora 0-0: Ball
1-0: Called Strike
Emiel van Rhee steals 2nd base
1-1: Fly out, F7 (Flyball, 7D)
Top of the 3rd over - 0 run(s), 1 hit(s), 0 error(s), 1 left on base; Colorado 0 - Jasper 1
BOTTOM OF THE 3RD
Jasper Cougars batting - Pitching for Colorado Commanders : RHP Tony Henderson
Batting: RHB Manuel Pérez 0-0: Called Strike
0-1: Foul Ball, location: 2F
0-2: Fly out, F9 (Flyball, 9M)
Batting: LHB Pepe Vázquez 0-0: Ball
1-0: Ball
2-0: Ball
3-0: Called Strike
3-1: Called Strike
3-2: Base on Balls
Batting: SHB Ron Edwards 0-0: Called Strike
Pepe Vázquez steals 2nd base
0-1: Ball
1-1: Foul Ball, location: 2F
1-2: Ball
2-2: Strikes out swinging
Batting: RHB Dan Hooper 0-0: Called Strike
0-1: Ball
1-1: Ball
2-1: Foul Ball, location: 2F
2-2: Ball
3-2: Ground out 5-3 (Groundball, 5L)
Bottom of the 3rd over - 0 run(s), 0 hit(s), 0 error(s), 1 left on base; Colorado 0 - Jasper 1
TOP OF THE 4TH
Colorado Commanders batting - Pitching for Jasper Cougars : RHP Ernesto Mendoza
Batting: RHB Arnold Harmon 0-0: Ball
1-0: Ball
2-0: Foul Ball, location: 2F
2-1: Ball
3-1: Base on Balls
Batting: RHB John Riley 0-0: Ball
1-0: Ball
2-0: Ball
3-0: Base on Balls
Arnold Harmon to second
Batting: LHB Gary Kern 0-0: Ball
1-0: Called Strike
1-1: Ball
2-1: Ball
3-1: Base on Balls
Arnold Harmon to third
John Riley to second
Batting: LHB John Nicholson 0-0: Ball
1-0: Ball
2-0: Swinging Strike
2-1: Foul Ball, location: 2F
2-2: Strikes out swinging
Batting: RHB Xavier De La Cruz 0-0: Called Strike
0-1: Ball
1-1: Ball
2-1: Ball
3-1: Swinging Strike
3-2: Strikes out swinging
Batting: SHB Ángel Díaz 0-0: Ball
1-0: Foul Ball, location: 2F
1-1: Ball
2-1: Ball
3-1: Base on Balls
Arnold Harmon scores
John Riley to third
Gary Kern to second
Batting: RHB Emiel van Rhee 0-0: Called Strike
0-1: Fly out, F7 (Flyball, 78M)
Top of the 4th over - 1 run(s), 0 hit(s), 0 error(s), 3 left on base; Colorado 1 - Jasper 1
BOTTOM OF THE 4TH
Jasper Cougars batting - Pitching for Colorado Commanders : RHP Tony Henderson
Batting: RHB Fernando Gálvez 0-0: Ball
1-0: Called Strike
1-1: Called Strike
1-2: Ball
2-2: Ball
3-2: Base on Balls
Batting: SHB Martín Cruz 0-0: Called Strike
0-1: Called Strike
0-2: Foul Ball, location: 2F
0-2: Foul Ball, location: 2F
0-2: Strikes out swinging
Batting: LHB Ron Johnston 0-0: Ball
1-0: Ball
2-0: Foul Ball, location: 2F
2-1: Ball
3-1: Called Strike
3-2: Base on Balls
Fernando Gálvez to second
Batting: RHB José Ortega 0-0: Ball
1-0: Ball
2-0: Called Strike
2-1: Ball
3-1: Fly out, F7 (Flyball, 78S)
Batting: RHB Joe Baker 0-0: Called Strike
0-1: Ball
1-1: Foul Ball, location: 2F
1-2: Foul Ball, location: 2F
1-2: Fielders Choice at 2nd, U6 (Groundball, 6M)
Bottom of the 4th over - 0 run(s), 0 hit(s), 0 error(s), 2 left on base; Colorado 1 - Jasper 1
TOP OF THE 5TH
Colorado Commanders batting - Pitching for Jasper Cougars : RHP Ernesto Mendoza
Batting: RHB Richard Pendergast 0-0: Foul Ball, location: 2F
0-1: Ball
1-1: Ball
2-1: Fly out, F9 (Flyball, 9M)
Batting: RHB Roberto Zamora 0-0: Ball
1-0: SINGLE (Groundball, 56)
Batting: RHB Arnold Harmon 0-0: Ball
1-0: Ground out 2-3 (Groundball, 25)
Roberto Zamora to second
Batting: RHB John Riley 0-0: Called Strike
0-1: Foul Ball, location: 2F
0-2: Foul Ball, location: 2F
0-2: Ball
1-2: Foul Ball, location: 2F
1-2: Strikes out swinging
Top of the 5th over - 0 run(s), 1 hit(s), 0 error(s), 1 left on base; Colorado 1 - Jasper 1
BOTTOM OF THE 5TH
Jasper Cougars batting - Pitching for Colorado Commanders : RHP Tony Henderson
Batting: RHB Manuel Pérez 0-0: Ball
1-0: Ball
2-0: Ball
3-0: Called Strike
3-1: Foul Ball, location: 2F
3-2: Foul Ball, location: 2F
3-2: SINGLE (Line Drive, 5D)
Pitching: RHP Tomás Rodríguez
Batting: LHB Pepe Vázquez 0-0: Foul Ball, location: 2F
0-1: Fly out, F7 (Flyball, 78D)
Runner from 1st tags up, SAFE at 2nd
Batting: SHB Ron Edwards 0-0: Intentional Walk
Batting: RHB Dan Hooper 0-0: Ball
1-0: Ball
2-0: Ball
3-0: Called Strike
3-1: Called Strike
3-2: Base on Balls
Manuel Pérez to third
Ron Edwards to second
Batting: RHB Fernando Gálvez 0-0: Ball
1-0: Ball
2-0: Swinging Strike
2-1: Foul Ball, location: 2F
2-2: Ball
3-2: SINGLE (Groundball, 4MD)
Manuel Pérez scores
Ron Edwards to third
Dan Hooper to second
Batting: SHB Martín Cruz 0-0: Foul Ball, location: 2F
0-1: Ball
1-1: Foul Ball, location: 2F
1-2: Ball
2-2: Strikes out looking
Batting: LHB Ron Johnston 0-0: Foul Ball, location: 2F
0-1: Foul Ball, location: 2F
0-2: Ball
1-2: Fly out, F6 (Popup, 15)
Bottom of the 5th over - 1 run(s), 2 hit(s), 0 error(s), 3 left on base; Colorado 1 - Jasper 2
TOP OF THE 6TH
Colorado Commanders batting - Pitching for Jasper Cougars : RHP Ernesto Mendoza
Batting: LHB Gary Kern 0-0: Ball
1-0: Foul Ball, location: 2F
1-1: Foul Ball, location: 2F
1-2: SINGLE (Line Drive, 6M)
Pitching: LHP Javier Galeas
Batting: LHB John Nicholson 0-0: Ball
1-0: Ball
2-0: SINGLE (Groundball, 34S)
Gary Kern to second
Runner from 2nd tries for 3rd, SAFE, throw made to third
John Nicholson to second
Batting: RHB Xavier De La Cruz 0-0: Foul Ball, location: 2F
0-1: Swinging Strike
0-2: Foul Ball, location: 2F
0-2: Ball
1-2: Ball
2-2: Strikes out swinging
Batting: SHB Ángel Díaz 0-0: Ball
1-0: Called Strike
1-1: Ground out 6-3 (Groundball, 6)
Batting: RHB Emiel van Rhee 0-0: Ball
1-0: Ball
2-0: Foul Ball, location: 2F
2-1: Swinging Strike
2-2: Fly out, F9 (Flyball, 9M)
Top of the 6th over - 0 run(s), 2 hit(s), 0 error(s), 2 left on base; Colorado 1 - Jasper 2
BOTTOM OF THE 6TH
Jasper Cougars batting - Pitching for Colorado Commanders : RHP Tomás Rodríguez
Batting: RHB José Ortega 0-0: Called Strike
0-1: Ball
1-1: Ball
2-1: Foul Ball, location: 2F
2-2: Ball
3-2: Base on Balls
Batting: RHB Joe Baker 0-0: Ball
1-0: SINGLE (Flyball, 4MD)
José Ortega to second
Runner from 2nd tries for 3rd, SAFE, no throw or cutoff
Batting: RHB Manuel Pérez 0-0: Ball
1-0: SINGLE (Line Drive, 78M)
José Ortega scores
Joe Baker to second
Batting: LHB Pepe Vázquez 0-0: Ball
1-0: Called Strike
1-1: Fly out, F7 (Line Drive, 7M)
Batting: SHB Ron Edwards 0-0: SINGLE (Groundball, 3D)
Joe Baker to third
Manuel Pérez to second
Runner from 3rd tries for Home, SAFE, throw made home
Batting: RHB Dan Hooper 0-0: Ball
1-0: Ball
2-0: Called Strike
2-1: Called Strike
2-2: Foul Ball, location: 2F
2-2: Foul Ball, location: 2F
2-2: Ball
3-2: Base on Balls
Manuel Pérez to third
Ron Edwards to second
Pitching: RHP Marcos Miranda
Batting: RHB Fernando Gálvez 0-0: Ball
1-0: Foul Ball, location: 2F
1-1: Foul Ball, location: 2F
1-2: Strikes out swinging
Batting: SHB Martín Cruz 0-0: Foul Ball, location: 2F
0-1: Ball
1-1: Called Strike
1-2: Fly out, F5 (Popup, 5DF)
Bottom of the 6th over - 2 run(s), 3 hit(s), 0 error(s), 3 left on base; Colorado 1 - Jasper 4
TOP OF THE 7TH
Colorado Commanders batting - Pitching for Jasper Cougars : LHP Javier Galeas
Batting: RHB Richard Pendergast 0-0: Called Strike
0-1: Ball
1-1: Swinging Strike
1-2: Strikes out swinging
Batting: RHB Roberto Zamora 0-0: Ball
1-0: Called Strike
1-1: Swinging Strike
1-2: Ball
2-2: Strikes out swinging
Batting: RHB Arnold Harmon 0-0: Called Strike
0-1: Ground out 5-3 (Groundball, 56)
Top of the 7th over - 0 run(s), 0 hit(s), 0 error(s), 0 left on base; Colorado 1 - Jasper 4
BOTTOM OF THE 7TH
Jasper Cougars batting - Pitching for Colorado Commanders : RHP Marcos Miranda
Batting: LHB Ron Johnston 0-0: Ball
1-0: Ball
2-0: Fly out, F7 (Flyball, 7M)
Batting: RHB José Ortega 0-0: Foul Ball, location: 2F
0-1: Called Strike
0-2: Foul Ball, location: 2F
0-2: Ground out 6-3 (Groundball, 6)
Batting: RHB Joe Baker 0-0: Called Strike
0-1: Foul Ball, location: 2F
0-2: Strikes out swinging
Bottom of the 7th over - 0 run(s), 0 hit(s), 0 error(s), 0 left on base; Colorado 1 - Jasper 4
TOP OF THE 8TH
Colorado Commanders batting - Pitching for Jasper Cougars : LHP Javier Galeas
Pitching: RHP Brandon Williams
Batting: RHB John Riley 0-0: Foul Ball, location: 2F
0-1: Called Strike
0-2: Ball
1-2: Ball
2-2: Foul Ball, location: 2F
2-2: Ball
3-2: SINGLE (Groundball, 56D)
Pitching: LHP Júlio Aguilar
Batting: LHB Gary Kern 0-0: Ball
1-0: Ball
2-0: Called Strike
2-1: Ball
3-1: Base on Balls
John Riley to second
Batting: LHB John Nicholson 0-0: Called Strike
0-1: Swinging Strike
0-2: Ball
1-2: Fly out, F6 (Popup, 6M)
Pitching: RHP António Peńa
Batting: RHB Xavier De La Cruz 0-0: Ball
1-0: Fly out, F7 (Flyball, 7LM)
Batting: SHB Ángel Díaz 0-0: Ball
1-0: Foul Ball, location: 2F
1-1: Foul Ball, location: 2F
1-2: Foul Ball, location: 2F
1-2: Ball
2-2: Foul Ball, location: 2F
2-2: Foul Ball, location: 2F
2-2: Ball
3-2: Fly out, F7 (Flyball, 7LMF)
Top of the 8th over - 0 run(s), 1 hit(s), 0 error(s), 2 left on base; Colorado 1 - Jasper 4
BOTTOM OF THE 8TH
Jasper Cougars batting - Pitching for Colorado Commanders : RHP Marcos Miranda
Batting: RHB Manuel Pérez 0-0: Ball
1-0: Fly out, F7 (Flyball, 78S)
Pitching: LHP Jerry Beck
Batting: LHB Pepe Vázquez 0-0: Ball
1-0: Swinging Strike
1-1: Ball
2-1: Called Strike
2-2: Strikes out swinging
Batting: SHB Ron Edwards 0-0: Ball
1-0: Ball
2-0: Ball
3-0: Called Strike
3-1: Swinging Strike
3-2: Foul Ball, location: 2F
3-2: Foul Ball, location: 2F
3-2: Ground out 5-3 (Groundball, 56)
Bottom of the 8th over - 0 run(s), 0 hit(s), 0 error(s), 0 left on base; Colorado 1 - Jasper 4
TOP OF THE 9TH
Colorado Commanders batting - Pitching for Jasper Cougars : RHP António Peńa
Pitching: RHP Bennett Greer
Batting: RHB Emiel van Rhee 0-0: Called Strike
0-1: SINGLE (Groundball, 6M)
Batting: RHB Richard Pendergast 0-0: Ball
1-0: Fly out, F9 (Flyball, 9LS)
Batting: RHB Roberto Zamora 0-0: Ball
1-0: Called Strike
1-1: Foul Ball, location: 2F
1-2: Fly out, F7 (Flyball, 78M)
Batting: RHB Arnold Harmon 0-0: Called Strike
0-1: Ground out 6-3 (Groundball, 6)
Top of the 9th over - 0 run(s), 1 hit(s), 0 error(s), 1 left on base; Colorado 1 - Jasper 4
This league is powered by Out of the Park Baseball, the baseball management simulation game for PC, Mac and Linux
Saturday, April 9th, 2016 - OOTP Baseball 16.8 Build 38